Construct Section Command Post
Construct Field Infirmary
Construct Platoon Command Post
6-pounder Anti-tank Gun Team
Selects Australian Defense Battlegroup
Selects Australian Light Infantry Section
Selects CMP 15cwt Supply Run
Selects Artillery Trip Wire Flares
Australian Light Infantry Section
6-pounder Anti-tank Gun Team
6-pounder Anti-tank Gun Team
Selects Archer Tank Destroyer
Australian Light Infantry Section
Selects 2-pounder Anti-tank Gun Team
Selects Vehicle Over Repair